[Event "Team 45 45 League T57"]
[Site "Internet Chess Club"]
[Date "2013.05.27"]
[Round "1"]
[White "Ajolote"]
[Black "stanbeers"]
[Result "0-1"]
[WhiteElo "1506"]
[BlackElo "1525"]
[Opening "KP: Nimzovich defense"]
[ECO "B00"]
[Time "20:01:55"]
[TimeControl "2700+45"]

1. e4 Nc6 2. Nf3 d6 3. d4 Nf6 4. Nc3 Bg4 5. Be2 g6 6. O-O Bg7 7. Be3 O-O 8. Qd2
Bxf3 9. Bxf3 Re8 10. Rac1 e5 11. d5 Nb8 12. Qe2 Nbd7 13. Na4 a6 14. c4 b6 15. b4
Bf8 16. Rb1 Kg7 17. Rfc1 Be7 18. Qd2 Bf8 19. Nc3 Kh8 20. a4 Rb8 21. Rc2 Kg8 22.
Ra2 Qc8 23. Be2 c5 24. b5 a5 25. Rf1 Bg7 26. Bf3 Nf8 27. Qe2 h5 28. g3 N8h7 29.
Bg2 Qd8 30. f4 exf4 31. Bxf4 Nxe4 32. Nxe4 Nf6 33. Nxf6+ Bxf6 34. Qf2 Bd4 35.
Qxd4 cxd4 36. Rd2 Qc7 37. Rxd4 Qc5 38. Rd1 Rb7 39. Kh1 Rbe7 40. h3 Re1+ 41. Bf1
Rxf1+ 42. Rxf1 Qxd4 43. Bxd6 Qxc4 44. Rd1 Qxa4 45. Rb1 Qe4+ 46. Kh2 Qxb1 47. Kg2
Qxb5 48. Bf4 Qxd5+ 49. Kf2 Qc5+ 50. Kg2 Re2+ 51. Kh1 Re1+ 52. Kh2 Qg1# {White
checkmated} 0-1

[Event "Team 45 45 League T57"]
[Site "Internet Chess Club"]
[Date "2013.05.25"]
[Round "1"]
[White "LittleButton"]
[Black "Gorongonde"]
[Result "1-0"]
[WhiteElo "1828"]
[BlackElo "1685"]
[Opening "Pirc defense"]
[ECO "B07"]
[Time "06:02:25"]
[TimeControl "2700+45"]

1. e4 d6 2. d4 Nf6 3. Nc3 Bg4 4. f3 Bh5 5. Be3 Nbd7 6. Qd2 c6 7. Nh3 Qc7 8. Nf4
e5 9. Nxh5 Nxh5 10. O-O-O O-O-O 11. d5 Nhf6 12. dxc6 bxc6 13. Ba6+ Kb8 14. Qe2
Be7 15. Rd3 Qa5 16. Na4 Ka8 17. Rb3 Rb8 18. Qc4 Nc5 19. Nxc5 dxc5 20. Bd2 Qxa2
21. Rxb8+ Rxb8 22. Qxa2 {Black resigns} 1-0

[Event "Team 45 45 League T57"]
[Site "Internet Chess Club"]
[Date "2013.05.23"]
[Round "1"]
[White "Goodfella"]
[Black "Schachteufel"]
[Result "0-1"]
[WhiteElo "1404"]
[BlackElo "1654"]
[Opening "Ruy Lopez: closed, Bogolyubov variation"]
[ECO "C91"]
[Time "13:00:45"]
[TimeControl "2700+45"]

1. e4 e5 2. Nf3 Nc6 3. Bb5 a6 4. Ba4 Nf6 5. O-O b5 6. Bb3 Be7 7. Re1 O-O 8. c3
d6 9. d4 Bg4 10. Qd3 Bxf3 11. gxf3 Qd7 12. Be3 Qh3 13. Nd2 Rad8 14. Qf1 Qh4 15.
Qg2 Kh8 16. Nf1 Nh5 17. Qg4 Nf4 18. Qxh4 Bxh4 19. Ng3 g6 20. Ne2 Nd3 21. Reb1 f5
22. Bc2 fxe4 23. Ng3 Bxg3 24. hxg3 Rxf3 25. Bxd3 exd3 26. Kg2 e4 27. Rd1 d5 28.
Rxd3 Rxf2+ 29. Bxf2 exd3 30. Rd1 Re8 31. Rxd3 Re2 32. b4 Rxa2 33. Re3 Rc2 34.
Kf3 a5 35. bxa5 Nxa5 36. Be1 Kg8 37. Re7 c6 38. Kf4 h6 39. g4 Rc1 40. Bd2 Rf1+
41. Kg3 Rg1+ 42. Kf3 g5 43. Rc7 Rf1+ 44. Kg3 Rf7 45. Rc8+ Kg7 46. Ra8 Nc4 47.
Be1 Rf6 48. Re8 Nd6 49. Re7+ Kg6 50. Kg2 Ne4 51. Re8 Kf7 52. Re5 Rf4 53. Kh3
Nxc3 54. Rf5+ Rxf5 55. gxf5 Ne2 56. Bf2 Kf6 57. Kg4 b4 58. Kf3 Nf4 59. Be1 b3
60. Bc3 Kxf5 61. Ke3 {White resigns} 0-1

[Event "Team 45 45 League T57"]
[Site "Internet Chess Club"]
[Date "2013.05.25"]
[Round "1"]
[White "Megasus"]
[Black "pmxpp"]
[Result "1-0"]
[WhiteElo "1587"]
[BlackElo "1495"]
[Opening "Queen's pawn game"]
[ECO "D04"]
[Time "05:01:54"]
[TimeControl "2700+45"]

1. Nf3 d5 2. e3 Nf6 3. d4 c5 4. b3 Bg4 5. Qd3 Nc6 6. dxc5 Qa5+ 7. Qc3 Qxc3+ 8.
Nxc3 e5 9. Bb5 Bxf3 10. gxf3 Bxc5 11. a3 O-O 12. Bd3 Rfe8 13. h3 d4 14. Ne4 Be7
15. Rg1 Rad8 16. Bb2 a6 17. Rd1 dxe3 18. fxe3 Nxe4 19. Bxe4 Bh4+ 20. Ke2 Rxd1
21. Rxd1 f6 22. Rd7 Rb8 23. Bd5+ Kh8 24. Be4 g6 25. b4 Kg8 26. Bd5+ Kh8 27. c4
a5 28. b5 Nd8 29. c5 Rc8 30. Bc3 Rb8 31. Bxa5 f5 32. a4 Bf6 33. Bc7 Rc8 34. a5
f4 35. e4 h6 36. Bd6 Bg7 37. Bxb7 Nxb7 38. Rxb7 Kg8 39. a6 Bf8 40. Bxf8 Kxf8 41.
a7 Ra8 42. Rb8+ {Black resigns} 1-0

[Event "Team 45 45 League T57"]
[Site "Internet Chess Club"]
[Date "2013.05.26"]
[Round "1"]
[White "frank001"]
[Black "LittleButton"]
[Result "1-0"]
[WhiteElo "1778"]
[BlackElo "1809"]
[Opening "Kevitz-Trajkovich defense"]
[ECO "A50"]
[Time "03:03:29"]
[TimeControl "2700+45"]

1. d4 Nf6 2. c4 Nc6 3. Nf3 e6 4. a3 d6 5. Nc3 g6 6. Bg5 h6 7. Bh4 g5 8. Bg3 g4
9. Ng1 Nh5 10. e3 Nxg3 11. hxg3 h5 12. Bd3 Bg7 13. Nge2 e5 14. d5 Nb8 15. Qc2
Nd7 16. O-O-O Nc5 17. Bf5 Bd7 18. Bxd7+ Qxd7 19. e4 O-O-O 20. Rdf1 Rdf8 21. b4
Na6 22. f3 Qe7 23. Kb2 gxf3 24. Rxf3 h4 25. gxh4 Rxh4 26. Rxh4 Qxh4 27. Ng3 Bh6
28. Nf5 Qf6 29. Nb5 Kb8 30. Nfxd6 Qg6 31. Nf5 Rh8 32. Nxh6 Rxh6 33. Qf2 f6 34.
Qxa7+ Kc8 35. Qa8+ Nb8 36. Na7+ Kd7 37. Rc3 Qxg2+ 38. Rc2 Qf3 39. Nb5 Rh3 40.
Nc3 Kc8 41. c5 Qe3 42. c6 Qb6 43. cxb7+ Qxb7 44. Qa4 Kd8 45. Rg2 Rh8 46. Qd1 Nd7
47. Qg4 Qb6 48. Qg7 Re8 49. Qf7 Rf8 50. Qh7 Kc8 51. Qf5 Rh8 52. Rg7 Rd8 53. Rf7
c5 54. dxc6 Qxc6 55. Nd5 Qa6 56. Nc3 Qd3 57. Qe6 Kc7 58. Qxf6 Rh8 59. Qxe5+ Kc8
60. Qxh8+ {Black resigns} 1-0

[Event "Team 45 45 League T57"]
[Site "Internet Chess Club"]
[Date "2013.05.26"]
[Round "1"]
[White "TwoEqualsOne"]
[Black "Portola"]
[Result "1/2-1/2"]
[WhiteElo "1814"]
[BlackElo "1804"]
[Opening "QGD: Harrwitz attack"]
[ECO "D35"]
[Time "19:00:12"]
[TimeControl "2700+45"]

1. d4 d5 2. c4 e6 3. Nc3 Nf6 4. Bf4 Bd6 5. Bg3 O-O 6. e3 b6 7. cxd5 exd5 8. Bd3
Be6 9. Nf3 Bg4 10. Rc1 c5 11. Bxd6 Qxd6 12. O-O c4 13. Be2 a6 14. h3 Bf5 15. Ne5
Nbd7 16. Bf3 b5 17. a3 Rad8 18. Ng4 Rfe8 19. Nxf6+ Nxf6 20. Qd2 Ne4 21. Nxe4
Bxe4 22. Bxe4 Rxe4 23. Ra1 Rde8 24. Qb4 Qe6 25. a4 Rb8 26. axb5 Rxb5 27. Qxb5
axb5 28. Ra8+ Qe8 29. Rxe8+ Rxe8 30. Ra1 b4 31. Kf1 b3 32. Ke2 f5 {Game drawn by
mutual agreement} 1/2-1/2

[Event "Team 45 45 League T57"]
[Site "Internet Chess Club"]
[Date "2013.05.23"]
[Round "1"]
[White "QuieroAprender"]
[Black "flyingpawns"]
[Result "1-0"]
[WhiteElo "1743"]
[BlackElo "1821"]
[Opening "French: Tarrasch, open, 4.ed ed"]
[ECO "C08"]
[Time "20:31:19"]
[TimeControl "2700+45"]

1. e4 e6 2. d4 d5 3. Nd2 c5 4. exd5 exd5 5. Ngf3 a6 6. Be2 Nc6 7. dxc5 Bxc5 8.
Nb3 Bd6 9. O-O Nge7 10. Bg5 O-O 11. c4 dxc4 12. Bxc4 Qc7 13. Be3 Bg4 14. h3 Bh5
15. Rc1 Rad8 16. Nbd2 Qb8 17. Qc2 Rc8 18. a3 b5 19. Be2 Nd4 20. Qd3 Nxf3+ 21.
Nxf3 Rfd8 22. Rxc8 Qxc8 23. Kh1 Bg6 24. Qb3 Nf5 25. Rc1 Qb7 26. Bc5 h6 27. Bxd6
Rxd6 28. Rd1 Rxd1+ 29. Qxd1 Qe7 30. Kg1 Nd6 31. b3 Ne4 32. Bd3 Qxa3 33. Nd4 Qb2
34. Bxe4 Bxe4 35. Kf1 Qc3 36. h4 Bd3+ 37. Ne2 Bxe2+ 38. Kxe2 Qb4 39. Qd8+ Kh7
40. Qd3+ g6 41. g3 Qg4+ 42. Kd2 Qe6 43. f4 h5 44. Kc3 Qc6+ 45. Kb4 Qb6 46. Ka3
Qc5+ 47. b4 Qc1+ 48. Kb3 Qe1 49. f5 Qe7 50. fxg6+ fxg6 51. Kc3 Kg7 52. Qd4+ Qf6
53. Qxf6+ Kxf6 54. Kd4 Kf5 55. Kc5 Ke4 56. Kb6 Kd4 57. Kxa6 Kc4 58. Ka5 {Black
resigns} 1-0

[Event "Team 45 45 League T57"]
[Site "Internet Chess Club"]
[Date "2013.05.29"]
[Round "1"]
[White "latayvia"]
[Black "Juan73"]
[Result "1-0"]
[WhiteElo "1662"]
[BlackElo "1679"]
[Opening "QGD: Marshall defense"]
[ECO "D06"]
[Time "20:02:51"]
[TimeControl "2700+45"]

1. d4 d5 2. c4 Nf6 3. Nf3 Nc6 4. Nc3 Bf5 5. cxd5 Nxd5 6. Qb3 Nb6 7. d5 Nb8 8. e4
Bg6 9. Bf4 N8d7 10. Nb5 Nc5 11. Nxc7+ Qxc7 12. Bxc7 Nxb3 13. axb3 Nd7 14. Bb5 a6
15. Ne5 e6 16. d6 Bxe4 17. Bxd7# {Black checkmated} 1-0

[Event "Team 45 45 League T57"]
[Site "Internet Chess Club"]
[Date "2013.05.22"]
[Round "1"]
[White "charles-allen"]
[Black "CaoCao"]
[Result "0-1"]
[WhiteElo "1873"]
[BlackElo "1905"]
[Opening "Four knights: Scotch, 4...exd4"]
[ECO "C47"]
[Time "21:36:44"]
[TimeControl "2700+45"]

1. e4 e5 2. Nc3 Nc6 3. Nf3 Nf6 4. d4 exd4 5. Nxd4 Bb4 6. Nxc6 bxc6 7. Bd3 O-O 8.
O-O d5 9. exd5 cxd5 10. h3 c6 11. Qf3 Bd6 12. Bf4 Bxf4 13. Qxf4 Be6 14. Rfe1 Qb8
15. Qe5 Qxe5 16. Rxe5 Nd7 17. Rh5 g6 18. Rh4 Rfb8 19. b3 a5 20. Be2 Rb4 21. Rxb4
axb4 22. Nd1 Nc5 23. Kf1 f5 24. Nb2 f4 25. Nd3 Nxd3 26. Bxd3 f3 27. g4 Kg7 28.
Kg1 h5 29. gxh5 gxh5 30. Kh2 Kf6 31. Rg1 Bf5 32. Bxf5 Kxf5 33. Rg7 Rxa2 34. Rf7+
Ke4 35. Kg3 Rxc2 36. Re7+ Kd4 37. Kxf3 Rc3+ 38. Kg2 Rxb3 39. f4 h4 40. f5 Rg3+
41. Kf2 Rg5 {White resigns} 0-1

[Event "Team 45 45 League T57"]
[Site "Internet Chess Club"]
[Date "2013.05.25"]
[Round "1"]
[White "RamRock"]
[Black "j65536d"]
[Result "1-0"]
[WhiteElo "1872"]
[BlackElo "1809"]
[Opening "Sicilian defense"]
[ECO "B20"]
[Time "12:05:37"]
[TimeControl "2700+45"]

1. e4 c5 2. d3 g6 3. g3 Bg7 4. Bg2 Nc6 5. f4 d6 6. Nf3 Bd7 7. O-O e6 8. c3 Rb8
9. Be3 Nge7 10. Nbd2 O-O 11. g4 b5 12. h4 b4 13. d4 bxc3 14. bxc3 Qa5 15. Qc2
Rb7 16. Nb3 Qb6 17. dxc5 dxc5 18. Bxc5 Qc7 19. Nfd4 Re8 20. Qd3 e5 21. Nb5 Qb8
22. Nd6 Bxg4 23. Nxe8 Qxe8 24. Bh3 Rd7 25. Qg3 Bxh3 26. Qxh3 Qd8 27. Rae1 Rd3
28. Re3 Rd1 29. Rf3 Rxf1+ 30. Qxf1 Qc7 31. Qc4 Nc8 32. f5 Nd8 33. Qd5 Nb7 34.
Rd3 Nb6 35. Bxb6 Qxb6+ 36. Kg2 gxf5 37. exf5 e4 38. Qxe4 Nc5 39. Qe8+ Bf8 40.
Rg3+ {Black resigns} 1-0

[Event "Team 45 45 League T57"]
[Site "Internet Chess Club"]
[Date "2013.05.23"]
[Round "1"]
[White "jt2000"]
[Black "kidcobra"]
[Result "1/2-1/2"]
[WhiteElo "1767"]
[BlackElo "1757"]
[Opening "Two knights defense"]
[ECO "C57"]
[Time "18:56:37"]
[TimeControl "2700+45"]

1. e4 e5 2. Nf3 Nc6 3. Bc4 Nf6 4. Ng5 Nxe4 5. Bxf7+ Ke7 6. Nxe4 Kxf7 7. Qf3+ Ke8
8. O-O d5 9. Ng3 Be6 10. d3 Qf6 11. Qe2 g6 12. f4 Bc5+ 13. Kh1 Rf8 14. c3 Kd7
15. b4 Bd6 16. fxe5 Qxe5 17. Qxe5 Bxe5 18. Bh6 Rxf1+ 19. Nxf1 d4 20. b5 Ne7 21.
c4 Bf5 22. Nbd2 Bxd3 23. Re1 Bd6 24. Ng3 Bxg3 25. hxg3 Re8 26. g4 Ng8 27. Rxe8
Kxe8 28. Bg7 Be2 29. Bxd4 Bxg4 30. Bxa7 b6 31. c5 bxc5 32. Bxc5 Nf6 33. Kg1 Be2
34. a4 Nd5 35. Kf2 Bd3 36. Bd4 Nb4 37. Ke3 Bf5 38. Kf4 Nd3+ 39. Kg5 Bd7 40. Kh6
Kd8 41. Kxh7 Kc8 42. Kxg6 Nf4+ 43. Kf6 Nxg2 44. Ne4 Nf4 45. Nc5 Bh3 46. Ke5 Ng6+
47. Ke4 Bg2+ 48. Kf5 Ne7+ 49. Kf4 Bf1 50. Ke3 Nd5+ 51. Kd2 Nb6 52. Ke1 Bc4 53.
Kd2 Nxa4 54. Nxa4 Bxb5 55. Nc5 Kd8 56. Be5 c6 57. Ke3 Ke7 58. Kf4 Bc4 59. Bc7
Bd5 60. Ke5 Bh1 61. Nd3 Kd7 62. Bb6 Ke7 63. Nf4 Kd7 {Game drawn by mutual
agreement} 1/2-1/2

[Event "Team 45 45 League T57"]
[Site "Internet Chess Club"]
[Date "2013.05.22"]
[Round "1"]
[White "xt"]
[Black "BraafPaard"]
[Result "1-0"]
[WhiteElo "1693"]
[BlackElo "1502"]
[Opening "Giuoco Piano"]
[ECO "C54"]
[Time "14:08:26"]
[TimeControl "2700+45"]

1. e4 e5 2. Nf3 Nc6 3. Bc4 Bc5 4. c3 Nf6 5. d4 exd4 6. e5 Qe7 7. cxd4 Nxd4 8.
Nxd4 Qxe5+ 9. Ne2 Bb4+ 10. Nc3 Bxc3+ 11. bxc3 d5 12. Bb3 c6 13. O-O O-O 14. Re1
Bg4 15. Qd4 Rfe8 16. Qxe5 Rxe5 17. Be3 Rae8 18. Nd4 c5 19. Nf3 Bxf3 20. gxf3 d4
21. cxd4 cxd4 22. Bd2 h6 23. Kf1 g5 24. Ba4 b5 25. Bc2 Nd5 26. Be4 Nc3 27. Bxc3
dxc3 28. Rac1 b4 29. Bc2 Kf8 30. Rxe5 Rxe5 31. Re1 Rd5 32. Rd1 Ra5 33. Bb3 Re5
34. Rd7 Rc5 35. Bc2 a5 36. Ke2 Ke8 37. Rd6 Ke7 38. Rxh6 Rd5 39. Bd3 f6 40. Rh7+
Kd6 41. Rb7 Kc6 42. Be4 Kxb7 43. Bxd5+ Kc7 44. Bb3 Kd6 45. Kd3 Kc5 46. Ba4 Kd5
47. h3 Ke5 48. Kc4 Kf4 49. Bd1 Ke5 50. Kb5 Kd4 51. Kxa5 Kd3 52. Kxb4 {Black
resigns} 1-0

[Event "Team 45 45 League T57"]
[Site "Internet Chess Club"]
[Date "2013.05.26"]
[Round "1"]
[White "alexping"]
[Black "TerryMalloy"]
[Result "1/2-1/2"]
[WhiteElo "1867"]
[BlackElo "1938"]
[Opening "Benkö gambit half accepted"]
[ECO "A57"]
[Time "12:00:39"]
[TimeControl "2700+45"]

1. d4 Nf6 2. c4 c5 3. d5 b5 4. cxb5 a6 5. b6 Qxb6 6. Nc3 d6 7. e4 g6 8. Bc4 Bg7
9. Qc2 O-O 10. Bd2 e6 11. Nge2 exd5 12. Nxd5 Nxd5 13. Bxd5 Nc6 14. O-O Bb7 15.
Bc3 Nb4 16. Qd2 Nxd5 17. exd5 Rfe8 18. Rfe1 Rab8 19. Bxg7 Kxg7 20. Nc3 Rxe1+ 21.
Rxe1 Bc8 22. b3 Bf5 23. h3 h5 24. Qg5 Qb4 25. Re3 c4 26. bxc4 Qxc4 27. Qe7 Qb4
28. Qg5 Rb7 29. Rf3 f6 30. Qd2 Re7 31. Rf4 Re1+ 32. Kh2 Re2 33. Qxe2 Qxf4+ 34.
g3 Qe5 35. f4 Qxe2+ 36. Nxe2 Bd3 37. Nc3 Kf7 38. Kg1 Ke7 39. Kf2 Kd7 40. Ke3 Bf1
41. h4 Bg2 42. Kd4 Kc7 43. Na4 Bf3 {Game drawn by mutual agreement} 1/2-1/2

[Event "Team 45 45 League T57"]
[Site "Internet Chess Club"]
[Date "2013.05.24"]
[Round "1"]
[White "Packerfan"]
[Black "bshribharath"]
[Result "0-1"]
[WhiteElo "1798"]
[BlackElo "1853"]
[Opening "Caro-Kann: Panov-Botvinnik attack, 5...g6"]
[ECO "B14"]
[Time "09:37:42"]
[TimeControl "2700+45"]

1. e4 c6 2. d4 d5 3. exd5 cxd5 4. c4 Nf6 5. Nc3 g6 6. Bg5 Ne4 7. Nxe4 dxe4 8. d5
Bg7 9. Qc2 O-O 10. Ne2 Na6 11. Bd2 Bf5 12. Ng3 e3 13. Nxf5 exd2+ 14. Qxd2 gxf5
15. Bd3 Qb6 16. Rb1 Bh6 17. Qe2 Qf6 18. a3 Nc5 19. Bc2 e6 20. b4 exd5 21. O-O
Ne4 22. Bxe4 dxe4 23. c5 Rfd8 24. Rfd1 Rxd1+ 25. Rxd1 Rd8 26. g3 Rd4 27. Rxd4
Qxd4 28. Qb5 Qd1+ 29. Kg2 Qf3+ 30. Kg1 e3 31. Qe8+ Kg7 32. Qe5+ Kg6 33. Qd6+ f6
{White resigns} 0-1

[Event "Team 45 45 League T57"]
[Site "Internet Chess Club"]
[Date "2013.05.27"]
[Round "1"]
[White "Beetlejuice"]
[Black "Buford-Julep"]
[Result "0-1"]
[WhiteElo "1740"]
[BlackElo "1717"]
[Opening "Queen's gambit accepted"]
[ECO "D20"]
[Time "14:01:01"]
[TimeControl "2700+45"]

1. d4 d5 2. c4 dxc4 3. e3 Nf6 4. Bxc4 e6 5. Nc3 c5 6. Nf3 a6 7. a4 Nc6 8. O-O
Be7 9. dxc5 Bxc5 10. Qxd8+ Kxd8 11. e4 h6 12. Bf4 g5 13. Bg3 Ke7 14. Rad1 Rd8
15. Ne5 Nxe5 16. Bxe5 Rxd1 17. Rxd1 Bxf2+ 18. Kxf2 Ng4+ 19. Ke2 Nxe5 20. Bb3 Bd7
21. Rh1 Bc6 22. h4 g4 23. Ke3 f5 24. Rf1 Rd8 25. exf5 Bxg2 26. Rg1 Rd3+ 27. Kf4
Ng6+ 28. Kxg4 Bf3+ 29. Kg3 exf5 30. Kf2 Nxh4 31. Rg7+ Kf6 32. Rxb7 Bxb7 {White
resigns} 0-1

[Event "Team 45 45 League T57"]
[Site "Internet Chess Club"]
[Date "2013.05.26"]
[Round "1"]
[White "bondguy01"]
[Black "qs16"]
[Result "1/2-1/2"]
[WhiteElo "1675"]
[BlackElo "1768"]
[Opening "Queen's pawn game"]
[ECO "E20"]
[Time "16:00:42"]
[TimeControl "2700+45"]

1. d4 Nf6 2. c4 e6 3. Nc3 b6 4. a3 Bb7 5. d5 exd5 6. cxd5 d6 7. e4 Be7 8. Nf3
O-O 9. Bd3 c6 10. Be2 cxd5 11. exd5 Nbd7 12. O-O Re8 13. Be3 Rc8 14. h3 Nc5 15.
Bb5 Ncd7 16. Qd3 Rf8 17. Rad1 Nc5 18. Qd2 a6 19. Be2 b5 20. Rfe1 Re8 21. Bf1
Nce4 22. Nxe4 Nxe4 23. Qd3 Nc5 24. Qd2 Bf6 25. b4 Ne4 26. Qd3 Rc3 27. Qe2 Rxa3
28. Bd4 Bxd4 29. Rxd4 Nf6 30. Qd2 Rxe1 31. Nxe1 Qc8 32. Nc2 Ra2 33. Bd3 h6 34.
Qd1 Bxd5 35. Ne3 Be6 36. Rxd6 Qc7 37. Rd8+ Qxd8 38. Bh7+ Kxh7 39. Qxd8 Ra1+ 40.
Kh2 Ra2 41. f3 Rb2 42. Qd6 Ra2 43. Nc2 Bd5 44. Ne3 Bxf3 45. Qg3 Be4 46. Kg1 Ra3
47. Qf2 Ra1+ 48. Kh2 Bg6 49. Qb2 Re1 50. Ng4 Nxg4+ 51. hxg4 Re4 52. Kg3 Re3+ 53.
Kf2 Re6 54. Qd2 Rc6 55. Kg3 Re6 56. Qa2 Rc6 57. Qd2 Rc4 58. Qd6 Rc3+ 59. Kh2 Rb3
60. Kg1 Ra3 61. Qc5 Ra2 62. Qc6 {Game drawn by mutual agreement} 1/2-1/2

[Event "Team 45 45 League T57"]
[Site "Internet Chess Club"]
[Date "2013.05.25"]
[Round "1"]
[White "MeoPatacca"]
[Black "Goli"]
[Result "0-1"]
[WhiteElo "1803"]
[BlackElo "1881"]
[Opening "Queen's pawn: London system"]
[ECO "A45"]
[Time "16:53:15"]
[TimeControl "2700+45"]

1. d4 Nf6 2. Bf4 g6 3. e3 Bg7 4. Nf3 O-O 5. Be2 h6 6. h3 d6 7. c4 c5 8. dxc5 Nh5
9. Nc3 Nxf4 10. exf4 dxc5 11. Qc2 Bf5 12. Qb3 Qc8 13. Nd5 Nc6 14. O-O Be4 15.
Ne5 Bxd5 16. cxd5 Nxe5 17. fxe5 Bxe5 18. Rac1 Bd4 19. Bf3 Rb8 20. Rfe1 Qc7 21.
Qa3 b6 22. b4 Rfd8 23. Qd3 Qd6 24. Qe4 Rb7 25. bxc5 bxc5 26. Rc4 Rb2 27. Re2
Rxe2 28. Qxe2 Rb8 29. g3 Qxg3+ 30. Kf1 {White resigns} 0-1

[Event "Team 45 45 League T57"]
[Site "Internet Chess Club"]
[Date "2013.05.24"]
[Round "1"]
[White "room-matt"]
[Black "Inquisiteur"]
[Result "1-0"]
[WhiteElo "1765"]
[BlackElo "1619"]
[Opening "Semi-Benoni (`blockade variation')"]
[ECO "A44"]
[Time "15:33:45"]
[TimeControl "2700+45"]

1. d4 c5 2. d5 e5 3. e4 d6 4. Nc3 Be7 5. Nge2 a6 6. Ng3 Bg5 7. Bd3 Bxc1 8. Rxc1
b5 9. O-O Nf6 10. a4 b4 11. Nce2 Qc7 12. c3 a5 13. f4 O-O 14. fxe5 dxe5 15. Kh1
Nbd7 16. Nf5 g6 17. Ne7+ Kg7 18. Ng3 Nb6 19. Nxc8 Nxc8 20. Qf3 Ne8 21. Rf2 Ncd6
22. Qg4 f6 23. cxb4 axb4 24. b3 Rc8 25. Qe6 Rf7 26. Be2 Re7 27. Qg4 Qd7 28. h4
Qxg4 29. Bxg4 Nxe4 30. Nxe4 f5 31. Nxc5 Rxc5 32. Rxc5 fxg4 33. a5 e4 34. Re2 Nd6
35. a6 Nf5 36. Kh2 e3 37. g3 Nd4 38. d6 Rf7 39. Rxe3 {Black resigns} 1-0

[Event "Team 45 45 League T57"]
[Site "Internet Chess Club"]
[Date "2013.05.27"]
[Round "1"]
[White "tsia68"]
[Black "ILRE"]
[Result "1-0"]
[WhiteElo "1744"]
[BlackElo "1524"]
[Opening "English opening"]
[ECO "A05"]
[Time "15:01:59"]
[TimeControl "2700+45"]

1. Nf3 Nf6 2. c4 d6 3. g3 g6 4. Nc3 Nc6 5. Bg2 Bg7 6. O-O O-O 7. d3 e5 8. Rb1 a5
9. a3 Nd4 10. e3 Nxf3+ 11. Bxf3 c6 12. b4 axb4 13. axb4 Be6 14. Qb3 Qd7 15. b5
Bg4 16. Bh1 Rfb8 17. Bb2 Be6 18. Ra1 d5 19. Na4 Qc7 20. b6 Qe7 21. Ba3 Qe8 22.
Nc5 dxc4 23. dxc4 Bh3 24. Rfd1 Nd7 25. Nxd7 Bxd7 26. Bd6 Rxa1 27. Rxa1 Ra8 28.
Ra7 Rxa7 29. bxa7 Qa8 30. Bb8 Bf8 31. Qb6 h5 32. Bxe5 {Black resigns} 1-0